TOP OF THE 1ST |
Hartford Pride batting - Pitching for Pawnee ParksNRec : RHP José Pacheco
|
Pitching: RHP José Pacheco
|
|
Batting: RHB Peer Kattenberg
|
0-0: Swinging Strike 0-1: Ball 1-1: Ball 2-1: Swinging Strike 2-2: Ball 3-2: Fly out, F7 (Flyball, 78M, EV 84.4 MPH)
|
Batting: RHB Katsuhiko Ishihara
|
0-0: Fly out, F7 (Flyball, 78D, EV 93.8 MPH)
|
Batting: RHB Emílio Agramónte
|
0-0: Ground out 6-3 (Groundball, 6, EV 86.2 MPH)
|
Top of the 1st over - 0 runs, 0 hits, 0 errors, 0 left on base; Hartford 0 - Pawnee 0 |
BOTTOM OF THE 1ST |
Pawnee ParksNRec batting - Pitching for Hartford Pride : RHP Morris Prinkey
|
Pitching: RHP Morris Prinkey
|
|
Batting: RHB Hiroshige Ohashi
|
0-0: Called Strike 0-1: Swinging Strike 0-2: SINGLE (Flyball, 56D, EV 88.1 MPH)
|
Batting: RHB Charles Atkinson
|
0-0: Ball Hiroshige Ohashi is caught stealing 2nd base 2-4 1-0: Called Strike 1-1: SINGLE (Flyball, 89S, EV 85.0 MPH)
|
Batting: RHB Josh Mawdesley
|
0-0: Called Strike 0-1: Swinging Strike 0-2: Strikes out looking
|
Batting: LHB Won-shik Yi
|
0-0: Called Strike 0-1: Foul Ball, location: 2F 0-2: Fielders Choice at 2nd, U6 (Groundball, 6M, EV 90.6 MPH)
|
Bottom of the 1st over - 0 runs, 2 hits, 0 errors, 1 left on base; Hartford 0 - Pawnee 0 |
TOP OF THE 2ND |
Hartford Pride batting - Pitching for Pawnee ParksNRec : RHP José Pacheco
|
Batting: LHB Héctor Galló
|
0-0: Called Strike 0-1: Ball 1-1: Foul Ball, location: 2F 1-2: Foul Ball, location: 2F 1-2: Ball 2-2: Fly out, F6 (Popup, 6, EV 53.8 MPH)
|
Batting: RHB Hani Azwan
|
0-0: Ground out 6-3 (Groundball, 6MS, EV 91.2 MPH)
|
Batting: SHB Alvin Peterson
|
0-0: Foul Ball, location: 2F 0-1: Called Strike 0-2: Ball 1-2: Ground out 6-3 (Groundball, 6M, EV 96.2 MPH)
|
Top of the 2nd over - 0 runs, 0 hits, 0 errors, 0 left on base; Hartford 0 - Pawnee 0 |
BOTTOM OF THE 2ND |
Pawnee ParksNRec batting - Pitching for Hartford Pride : RHP Morris Prinkey
|
Batting: RHB Elmer Kent
|
0-0: Ball 1-0: Ball 2-0: DOUBLE (Line Drive, 9LM, EV 114.4 MPH)
|
Batting: RHB Baldwin Biele
|
0-0: Called Strike 0-1: Foul Ball, location: 2F 0-2: Foul Ball, location: 2F 0-2: Ball 1-2: Foul Ball, location: 2F 1-2: Ground out U3 (Groundball, 34, EV 80.6 MPH) Elmer Kent to third
|
Batting: RHB Ashton Bailey
|
0-0: Called Strike 0-1: Ball 1-1: Ball 2-1: Swinging Strike 2-2: Ball 3-2: Ground out 4-3 (Groundball, 4, EV 78.1 MPH) Elmer Kent scores
|
Batting: RHB Igme Padoga
|
0-0: Ball 1-0: Ball 2-0: Swinging Strike 2-1: SINGLE (Groundball, 56, EV 102.5 MPH) (infield hit)
|
Batting: RHB Ken Pittman
|
0-0: Ball 1-0: Foul Ball, location: 2F 1-1: Foul Ball, location: 2F 1-2: Ball 2-2: SINGLE (Groundball, 6MD, EV 100.0 MPH) Igme Padoga to second Runner from 2nd tries for 3rd, SAFE, no throw by CF
|
Batting: RHB Hiroshige Ohashi
|
0-0: SINGLE (Line Drive, 34, EV 94.4 MPH) Igme Padoga scores Ken Pittman to second Runner from 2nd tries for 3rd, SAFE, throw by RF made to third
|
Batting: RHB Charles Atkinson
|
0-0: Ball Hiroshige Ohashi steals 2nd base 1-0: Ball 2-0: Called Strike 2-1: Called Strike 2-2: Ground out 4-3 (Groundball, 4, EV 104.4 MPH)
|
Bottom of the 2nd over - 2 runs, 4 hits, 0 errors, 2 left on base; Hartford 0 - Pawnee 2 |
TOP OF THE 3RD |
Hartford Pride batting - Pitching for Pawnee ParksNRec : RHP José Pacheco
|
Batting: RHB Barend Huijbregts
|
0-0: Foul Ball, location: 2F 0-1: Ball 1-1: Foul Ball, location: 2F 1-2: Ball 2-2: Ball 3-2: Fly out, F7 (Line Drive, 7, EV 90.6 MPH)
|
Batting: RHB Nathan Pruitt
|
0-0: Called Strike 0-1: Ball 1-1: Ball 2-1: Foul Ball, location: 2F 2-2: Foul Ball, location: 2F 2-2: Ball 3-2: Reached on error, E6 (Groundball, 6, EV 85.6 MPH)
|
Batting: LHB Carel Oskamp
|
0-0: Foul Ball, location: 2F 0-1: Foul Ball, location: 2F 0-2: Strikes out swinging
|
Batting: RHB Peer Kattenberg
|
0-0: Called Strike 0-1: Ball 1-1: Ball 2-1: Ball 3-1: Called Strike 3-2: Foul Ball, location: 2F 3-2: Base on Balls Nathan Pruitt to second
|
Batting: RHB Katsuhiko Ishihara
|
0-0: Ball 1-0: Ball 2-0: Called Strike 2-1: Ball 3-1: Base on Balls Nathan Pruitt to third Peer Kattenberg to second
|
Batting: RHB Emílio Agramónte
|
0-0: Called Strike 0-1: Fielders Choice at 2nd, 5-4 (Groundball, 56, EV 103.8 MPH)
|
Top of the 3rd over - 0 runs, 0 hits, 1 error, 3 left on base; Hartford 0 - Pawnee 2 |
BOTTOM OF THE 3RD |
Pawnee ParksNRec batting - Pitching for Hartford Pride : RHP Morris Prinkey
|
Batting: RHB Josh Mawdesley
|
0-0: Foul Ball, location: 2F 0-1: Ball 1-1: Ball 2-1: Ball 3-1: Single, Error in OF, E8, batter to second base (Groundball, 6MD, EV 98.1 MPH)
|
Batting: LHB Won-shik Yi
|
0-0: SINGLE (Groundball, 4D, EV 97.5 MPH) Josh Mawdesley to third
|
Batting: RHB Elmer Kent
|
0-0: Grounds into double play, 6-4-3 (Groundball, 6, EV 103.8 MPH) Josh Mawdesley scores
|
Batting: RHB Baldwin Biele
|
0-0: DOUBLE (Flyball, 8LXD, EV 91.2 MPH)
|
Batting: RHB Ashton Bailey
|
0-0: Swinging Strike 0-1: Foul Ball, location: 2F 0-2: Ball 1-2: SINGLE (Groundball, 34D, EV 105.6 MPH) Baldwin Biele to third Runner from 3rd tries for Home, SAFE, throw by RF to home
|
Batting: RHB Igme Padoga
|
0-0: Called Strike 0-1: Called Strike 0-2: Ball 1-2: Foul Ball, location: 2F 1-2: Strikes out looking
|
Bottom of the 3rd over - 2 runs, 4 hits, 1 error, 1 left on base; Hartford 0 - Pawnee 4 |
TOP OF THE 4TH |
Hartford Pride batting - Pitching for Pawnee ParksNRec : RHP José Pacheco
|
Batting: LHB Héctor Galló
|
0-0: Ball 1-0: Ball 2-0: Ball 3-0: Base on Balls
|
Batting: RHB Hani Azwan
|
0-0: Ball 1-0: Ball 2-0: Foul Ball, location: 2F 2-1: Fly out, F9 (Flyball, 9LS, EV 77.5 MPH)
|
Batting: SHB Alvin Peterson
|
0-0: Ball 1-0: 2-RUN HOME RUN (Flyball, 9LD, EV 111.2 MPH), Distance : 348 ft
|
Batting: RHB Barend Huijbregts
|
0-0: Fly out, F8 (Flyball, 8LD, EV 89.4 MPH)
|
Batting: RHB Nathan Pruitt
|
0-0: SINGLE (Line Drive, 8LS, EV 102.5 MPH)
|
Batting: LHB Carel Oskamp
|
0-0: Ball 1-0: Ball 2-0: Ball 3-0: Base on Balls Nathan Pruitt to second
|
Batting: RHB Peer Kattenberg
|
0-0: Ball 1-0: Called Strike 1-1: Ground out 4-3 (Groundball, 4, EV 88.8 MPH)
|
Top of the 4th over - 2 runs, 2 hits, 0 errors, 2 left on base; Hartford 2 - Pawnee 4 |
BOTTOM OF THE 4TH |
Pawnee ParksNRec batting - Pitching for Hartford Pride : RHP Morris Prinkey
|
Batting: RHB Ken Pittman
|
0-0: Swinging Strike 0-1: Ball 1-1: Called Strike 1-2: Ground out 6-3 (Groundball, 6M, EV 85.0 MPH)
|
Batting: RHB Hiroshige Ohashi
|
0-0: Called Strike 0-1: Foul Ball, location: 2F 0-2: Ball 1-2: Ground out 4-3 (Groundball, 4, EV 86.9 MPH)
|
Batting: RHB Charles Atkinson
|
0-0: Ground out U3 (Groundball, 3S, EV 66.9 MPH)
|
Bottom of the 4th over - 0 runs, 0 hits, 0 errors, 0 left on base; Hartford 2 - Pawnee 4 |
TOP OF THE 5TH |
Hartford Pride batting - Pitching for Pawnee ParksNRec : RHP José Pacheco
|
Batting: RHB Katsuhiko Ishihara
|
0-0: Ball 1-0: Ball 2-0: Ball 3-0: Base on Balls
|
Batting: RHB Emílio Agramónte
|
0-0: Ball 1-0: Fly out, F9 (Flyball, 9, EV 93.8 MPH)
|
Batting: LHB Héctor Galló
|
0-0: Foul Ball, location: 2F 0-1: Foul Ball, location: 2F 0-2: Foul Ball, location: 2F 0-2: Strikes out swinging
|
Batting: RHB Hani Azwan
|
0-0: Ball 1-0: DOUBLE (Line Drive, 8LXD, EV 96.9 MPH) Katsuhiko Ishihara to third
|
Batting: SHB Alvin Peterson
|
0-0: Ground out 6-3 (Groundball, 6, EV 91.2 MPH)
|
Top of the 5th over - 0 runs, 1 hit, 0 errors, 2 left on base; Hartford 2 - Pawnee 4 |
BOTTOM OF THE 5TH |
Pawnee ParksNRec batting - Pitching for Hartford Pride : RHP Morris Prinkey
|
Batting: RHB Josh Mawdesley
|
0-0: Ball 1-0: Swinging Strike 1-1: Ball 2-1: Ball 3-1: Base on Balls
|
Batting: LHB Won-shik Yi
|
0-0: Ball 1-0: Ball 2-0: Called Strike 2-1: Ball 3-1: Foul Ball, location: 2F 3-2: 2-RUN HOME RUN (Flyball, 9D, EV 106.9 MPH), Distance : 378 ft
|
Pitching: RHP Luis Bruno
|
|
Batting: RHB Elmer Kent
|
0-0: Foul Ball, location: 2F 0-1: Called Strike 0-2: Ball 1-2: Ball 2-2: SINGLE (Groundball, 56D, EV 102.5 MPH)
|
Batting: RHB Baldwin Biele
|
0-0: Bunted foul 0-1: Bunt missed! 0-2: Ball 1-2: Ball 2-2: SINGLE (Groundball, 34D, EV 110.0 MPH) Elmer Kent to second Runner from 2nd tries for 3rd, SAFE, throw by RF made to third
|
Batting: RHB Ashton Bailey
|
0-0: Foul Ball, location: 2F 0-1: Swinging Strike 0-2: Ball 1-2: Ball 2-2: Ball 3-2: Base on Balls Baldwin Biele to second
|
Batting: RHB Igme Padoga
|
0-0: Ball 1-0: Fly out, F9 (Flyball, 9D, EV 91.2 MPH) Runner from 3rd tags up, SCORES, throw by RF Baldwin Biele to third
|
Batting: RHB Ken Pittman
|
0-0: Ball 1-0: Ball 2-0: Foul Ball, location: 2F 2-1: Grounds into double play, 5-4-3 (Groundball, 56, EV 104.4 MPH)
|
Bottom of the 5th over - 3 runs, 3 hits, 0 errors, 1 left on base; Hartford 2 - Pawnee 7 |
TOP OF THE 6TH |
Hartford Pride batting - Pitching for Pawnee ParksNRec : RHP José Pacheco
|
Batting: RHB Barend Huijbregts
|
0-0: Foul Ball, location: 2F 0-1: Ball 1-1: Ground out 4-3 (Groundball, 34, EV 85.6 MPH)
|
Batting: RHB Nathan Pruitt
|
0-0: Foul Ball, location: 2F 0-1: Called Strike 0-2: Ground out 5-3 (Groundball, 56, EV 83.1 MPH)
|
Batting: LHB Carel Oskamp
|
0-0: Called Strike 0-1: Called Strike 0-2: Ground out U3 (Groundball, 3, EV 98.1 MPH)
|
Top of the 6th over - 0 runs, 0 hits, 0 errors, 0 left on base; Hartford 2 - Pawnee 7 |
BOTTOM OF THE 6TH |
Pawnee ParksNRec batting - Pitching for Hartford Pride : RHP Luis Bruno
|
Batting: RHB Hiroshige Ohashi
|
0-0: Ball 1-0: Fly out, F7 (Line Drive, 7, EV 90.0 MPH)
|
Batting: RHB Charles Atkinson
|
0-0: Ball 1-0: Called Strike 1-1: Ground out 4-3 (Groundball, 4, EV 83.8 MPH)
|
Batting: RHB Josh Mawdesley
|
0-0: Called Strike 0-1: Ball 1-1: Ball 2-1: Foul Ball, location: 2F 2-2: Ground out 6-3 (Groundball, 56, EV 85.0 MPH)
|
Bottom of the 6th over - 0 runs, 0 hits, 0 errors, 0 left on base; Hartford 2 - Pawnee 7 |
TOP OF THE 7TH |
Hartford Pride batting - Pitching for Pawnee ParksNRec : RHP José Pacheco
|
Pitching: RHP Álex Ortíz
|
|
Batting: RHB Peer Kattenberg
|
0-0: Ball 1-0: Swinging Strike 1-1: Foul Ball, location: 2F 1-2: Ball 2-2: Strikes out looking
|
Batting: RHB Katsuhiko Ishihara
|
0-0: Foul Ball, location: 2F 0-1: Swinging Strike 0-2: Ball 1-2: Strikes out swinging
|
Batting: RHB Emílio Agramónte
|
0-0: Called Strike 0-1: Foul Ball, location: 2F 0-2: Strikes out looking
|
Top of the 7th over - 0 runs, 0 hits, 0 errors, 0 left on base; Hartford 2 - Pawnee 7 |
BOTTOM OF THE 7TH |
Pawnee ParksNRec batting - Pitching for Hartford Pride : RHP Luis Bruno
|
Batting: LHB Won-shik Yi
|
0-0: Ball 1-0: Ball 2-0: Ball 3-0: Base on Balls
|
Batting: RHB Elmer Kent
|
0-0: Ball 1-0: Ball 2-0: Grounds into double play, 5-4-3 (Groundball, 56, EV 85.0 MPH)
|
Batting: RHB Baldwin Biele
|
0-0: Ball 1-0: Ball 2-0: Called Strike 2-1: Called Strike 2-2: Ground out 6-3 (Groundball, 6M, EV 111.2 MPH)
|
Bottom of the 7th over - 0 runs, 0 hits, 0 errors, 0 left on base; Hartford 2 - Pawnee 7 |
TOP OF THE 8TH |
Hartford Pride batting - Pitching for Pawnee ParksNRec : RHP Álex Ortíz
|
Batting: LHB Héctor Galló
|
0-0: Swinging Strike 0-1: Foul Ball, location: 2F 0-2: Foul Ball, location: 2F 0-2: Foul Ball, location: 2F 0-2: Foul Ball, location: 2F 0-2: SINGLE (Groundball, 4MD, EV 98.1 MPH)
|
Batting: RHB Hani Azwan
|
0-0: Ball 1-0: Ball 2-0: Ball Wild Pitch! Héctor Galló to second 3-0: Base on Balls
|
Batting: SHB Alvin Peterson
|
0-0: Ball 1-0: Ball 2-0: Ball 3-0: Called Strike 3-1: Foul Ball, location: 2F 3-2: Base on Balls Héctor Galló to third Hani Azwan to second
|
Batting: RHB Barend Huijbregts
|
0-0: Ball 1-0: Swinging Strike 1-1: Swinging Strike 1-2: Ball 2-2: Ball 3-2: Foul Ball, location: 2F 3-2: Foul Ball, location: 2F 3-2: Foul Ball, location: 2F 3-2: Strikes out swinging
|
Batting: RHB Nathan Pruitt
|
0-0: Ball 1-0: Ball 2-0: Foul Ball, location: 2F 2-1: Foul Ball, location: 2F 2-2: Foul Ball, location: 2F 2-2: Foul Ball, location: 2F 2-2: Strikes out swinging
|
Batting: LHB Carel Oskamp
|
0-0: Ball 1-0: Called Strike 1-1: Called Strike 1-2: Ball 2-2: Foul Ball, location: 2F 2-2: Fly out, F4 (Popup, 13S, EV 90.6 MPH)
|
Top of the 8th over - 0 runs, 1 hit, 0 errors, 3 left on base; Hartford 2 - Pawnee 7 |
BOTTOM OF THE 8TH |
Pawnee ParksNRec batting - Pitching for Hartford Pride : RHP Luis Bruno
|
Batting: RHB Ashton Bailey
|
0-0: Ball 1-0: Ball 2-0: Ball 3-0: Base on Balls
|
Batting: RHB Igme Padoga
|
0-0: Called Strike 0-1: Swinging Strike 0-2: Foul Ball, location: 2F 0-2: Grounds into double play, 4-6-3 (Groundball, 4, EV 94.4 MPH)
|
Batting: RHB Ken Pittman
|
0-0: Ball 1-0: Foul Ball, location: 2F 1-1: Ball 2-1: Ball 3-1: Called Strike 3-2: Foul Ball, location: 2F 3-2: Fly out, F9 (Flyball, 9D, EV 95.6 MPH)
|
Bottom of the 8th over - 0 runs, 0 hits, 0 errors, 0 left on base; Hartford 2 - Pawnee 7 |
TOP OF THE 9TH |
Hartford Pride batting - Pitching for Pawnee ParksNRec : RHP Álex Ortíz
|
Batting: RHB Peer Kattenberg
|
0-0: Ball 1-0: Foul Ball, location: 2F 1-1: Fly out, F4 (Popup, 4, EV 73.8 MPH)
|
Batting: RHB Katsuhiko Ishihara
|
0-0: Ball 1-0: Foul Ball, location: 2F 1-1: Foul Ball, location: 2F 1-2: Ball 2-2: Ball 3-2: Strikes out looking
|
Batting: RHB Emílio Agramónte
|
0-0: Ball 1-0: Ball 2-0: Called Strike 2-1: Foul Ball, location: 2F 2-2: Ground out 5-3 (Groundball, 56, EV 106.9 MPH)
|
Top of the 9th over - 0 runs, 0 hits, 0 errors, 0 left on base; Hartford 2 - Pawnee 7 |
|